 Dungeon Crawl Stone Soup version 0.19-a0-97-g21dea92 (webtiles) character file.

341 Duffy the Chopper (level 6, -5/52 HPs)
             Began as a Deep Dwarf Gladiator on May 16, 2016.
             Slain by an ogre
             ... wielding a +0 giant spiked club
              (29 damage)
             ... on level 5 of the Dungeon.
             The game lasted 00:02:14 (1340 turns).

Duffy the Chopper (Deep Dwarf Gladiator)            Turns: 1340, Time: 00:02:15

Health: -5/52      AC: 11    Str: 18    XL:     6   Next: 30%
Magic:  6/6        EV:  8    Int:  9    God:
Gold:   66         SH:  0    Dex: 15    Spells: 0 memorised, 5 levels left

rFire  . . .     SeeInvis .     a - +0 war axe
rCold  . . .     Gourm    .     h - +0 chain mail (curse)
rNeg   . . .     Faith    .     (no shield)
rPois  .         Spirit   .     i - +1 helmet
rElec  .         Dismiss  .     (no cloak)
rCorr  .         Reflect  .     l - +0 pair of gloves
SustAt .         Harm     .     (no boots)
MR     +....                    (no amulet)
Stlth  ..........               (no ring)
                                g - ring of protection from magic

@: marked, non-regenerating, somewhat resistant to hostile enchantments,
extremely unstealthy
A: damage resistance, recharge devices, sense surroundings 1, slow regeneration
3
a: Device Recharging


You were on level 5 of the Dungeon.
You were hungry.

You visited 2 branches of the dungeon, and saw 6 of its levels.

You collected 66 gold pieces.


Innate Abilities, Weirdness & Mutations

You are resistant to damage.
You can recharge devices by infusing magical energy.
You passively map a small area around you.
You do not regenerate naturally.


   Skills:
 - Level 2.0 Fighting
 + Level 7.7 Axes
 - Level 2.0 Throwing
 - Level 3.2 Dodging


You had 5 spell levels left.
You didn't know any spells.

Inventory:

Hand Weapons
 a - a +0 war axe (weapon)
Missiles
 d - 3 throwing nets (quivered)
 j - 3 silver javelins
Armour
 b - a +0 leather armour
 c - a +0 helmet
 h - a cursed +0 chain mail (worn)
 i - a +1 helmet (worn)
 l - a +0 pair of gloves (worn)
Jewellery
 g - a ring of protection from magic (left hand)
Wands
 e - a wand of heal wounds (3/9)
 n - a wand of iceblast (11/15)
 o - a wand of teleportation (4/9)
Scrolls
 k - a scroll of fog
 p - a scroll of identify
Comestibles
 f - a bread ration
 m - a meat ration

Dungeon Overview and Level Annotations

Branches:
Dungeon (5/15)             Temple (1/1) D:4

Altars:
Ashenzari
Elyvilon
Gozag
Kikubaaqudgha
Pakellas
Sif Muna
Trog
Vehumet
Xom
Zin


Message History

The giant frog zombie hits you but does no damage.
The orc wizard hits you but does no damage.
The orc priest casts a cantrip, but nothing happens.
The orc hits you but does no damage.
The giant frog zombie hits you but does no damage.
The orc wizard hits you but does no damage.
The orc hits you but does no damage.
You slash the giant frog zombie!
You destroy the giant frog zombie!
You hit the orc.
You kill the orc!
You hit the orc.
The orc is severely wounded.
You slash the orc wizard!
The orc wizard is heavily wounded.
The orc priest looks braver for a moment.
The orc wizard hits you but does no damage.
The orc hits you but does no damage.
An ogre comes into view. It is wielding a giant spiked club.
The orc priest hits you.
You closely miss the orc priest. You closely miss the orc wizard.
The orc wizard is heavily wounded.
The orc priest miscasts a cantrip.
The orc wizard hits you but does no damage.
The orc hits you but does no damage.
You slash the orc priest!
The orc priest is heavily wounded.
You slash the orc!
You kill the orc!
You barely miss the orc wizard.
The orc wizard is heavily wounded.
The orc priest hits you but does no damage.
The orc wizard hits you with a dagger.
You closely miss the orc priest.
The orc priest is heavily wounded.
You closely miss the orc wizard.
The orc wizard is heavily wounded.
The orc priest hits you.
The orc wizard hits you but does no damage.
The orc priest hits you but does no damage.
You slash the orc priest!
You kill the orc priest!
You closely miss the orc wizard.
The orc wizard is heavily wounded.
The orc wizard hits you but does no damage.
You barely miss the ogre. You barely miss the orc wizard.
The orc wizard is heavily wounded.
The ogre hits you with a giant spiked club!!
Ouch! That really hurt!
You die...

* * * #......#
, ,#...(..#
,#......# ,
#.....## *
,#.....# , ,
*######.....#
* #....#.....#
, , *
#...)o.....# ,
, #...@#.....#
,,####O#.....#
, * #'#######
,, ,... ... ,
,..... , *
....., *
.......,*


You could see an ogre and an orc wizard.

Action                   |  1- 3 |  4- 6 || total
-------------------------+-------+-------++-------
Melee: War axe           |    93 |    25 ||   118
Evoke: Wand              |     1 |     1 ||     2
  Use: Scroll            |     5 |       ||     5
 Stab: Sleeping          |     1 |       ||     1
  Eat: Chunk             |       |     1 ||     1
Armor: Leather armour    |    36 |       ||    36
       Chain mail        |       |    23 ||    23
Dodge: Dodged            |    76 |     9 ||    85

Notes
Turn   | Place    | Note
--------------------------------------------------------------
     0 | D:1      | Duffy the Deep Dwarf Gladiator began the quest for the Orb.
     0 | D:1      | Reached XP level 1. HP: 19/19 MP: 1/1
    20 | D:1      | Reached skill level 2 in Throwing
    30 | D:1      | Reached skill level 2 in Fighting
    39 | D:1      | Reached XP level 2. HP: 26/26 MP: 2/2
   185 | D:1      | Reached skill level 4 in Axes
   242 | D:1      | Reached XP level 3. HP: 23/32 MP: 3/3
   854 | D:3      | Noticed Grinder
   878 | D:3      | Killed Grinder
   878 | D:3      | Reached skill level 7 in Axes
   878 | D:3      | Reached XP level 4. HP: 11/39 MP: 4/4
   878 | D:3      | Reached XP level 5. HP: 13/45 MP: 5/5
  1068 | D:4      | Found a staircase to the Ecumenical Temple.
  1091 | Temple   | Entered the Ecumenical Temple
  1242 | D:5      | Entered Level 5 of the Dungeon
  1258 | D:5      | Reached XP level 6. HP: 42/52 MP: 6/6
  1273 | D:5      | Found a white marble altar of Elyvilon.
  1340 | D:5      | Slain by an ogre

Skill      XL: |  1  2  3 |
---------------+----------+-----
Throwing       | 2 |  2.0
Fighting       | 2 |  2.0
Axes           | 4 7 |  7.7
Dodging        | |  3.2

Vault maps used:
D:1:      zaba_arrival_water
D:2:      first_bread, kennysheep_generic_room_8, uniq_sigmund
D:3:      minmay_door_path, makhleb_heckhound_becter, uniq_natasha, uniq_grinder
D:4:      minmay_temple_entry_statues_pillars, elyvilon_altar_1
D:5:      kennysheep_ying_yang, overflow_temple_1_default,
          fedhas_altar_fruit_tree
Temple:   jpeg_temple_clearing_9

Vanquished Creatures
  Grinder
  A giant frog zombie
  An orc priest
  A centaur skeleton
  An adder
  A gnoll
  An ooze
  2 dart slugs
  2 orcs
  2 giant cockroaches
  4 goblins
  2 hobgoblins
  3 jackals
  3 kobolds
  A quokka
  5 bats
  3 giant newts
  2 rats
36 creatures vanquished.
